 Dungeon Crawl Stone Soup version 0.31-a0-1237-gabc64e778c (webtiles) character file.

Game seed: 10091558714958181121

16 timneilson the Ruffian (level 2, -3/18 HPs)
             Began as an Octopode Shapeshifter on Dec 16, 2023.
             Slain by a hobgoblin (5 damage)
             ... on level 2 of the Dungeon.
             The game lasted 00:01:15 (684 turns).

timneilson the Ruffian (Octopode Shapeshifter)       Turns: 684, Time: 00:01:15

Health: -3/18      AC:  1    Str: 13    XL:     2   Next: 58%
Magic:  11/11      EV: 13    Int: 12    God:
Gold:   41         SH:  0    Dex: 11    Spells: 1/1 levels left

rFire   . .          .
                       - Unarmed
rCold   + . .        (no shield)
rNeg    . . .        (helmet currently unavailable)
rPois   .            (no amulet)
rElec   .            e - ring of magical power
rCorr   .            h - ring of protection from cold
SInv    .            (no ring)
Will    .....        (no ring)
Stlth   ++           (no ring)
HPRegen 0.23/turn    (no ring)
MPRegen 0.12/turn    (no ring)
                     (no ring)

%: no passive effects
@: beast-form
A: beast (slay +1), almost no armour, amphibious, 8 rings, camouflage 1,
gelatinous body 1, (nimble swimmer 1), tentacles
a: Begin Untransformation


You were on level 2 of the Dungeon.
You were a hulking beast.
You visited 1 branch of the dungeon, and saw 2 of its levels.

You collected 41 gold pieces.

Inventory:

Jewellery
 e - a ring of magical power (left tentacle)
 h - a ring of protection from cold (right tentacle)
Talismans
 b - a beast talisman
 c - a flux talisman
Scrolls
 g - a scroll of identify
Potions
 a - a potion of lignification
 d - a potion of heal wounds


   Skills:
 * Level 1.4 Fighting
 * Level 2.2 Dodging
 + Level 0.6 Stealth
 * Level 3.1 Unarmed Combat
 * Level 3.1 Shapeshifting


You had one spell level left.
You didn't know any spells.
Your spell library contained the following spells:

 Spells                   Type           Power      Damage    Failure   Level
 Slow                     Hex            0%         N/A       32%         1
 Confusing Touch          Hex            0%         N/A       69%         3
 Sigil of Binding         Hex            0%         N/A       69%         3
 Vampiric Draining        Necr           0%         2d6       69%         3
 Leda's Liquefaction      Hex/Erth       0%         N/A       97%         4
 Lee's Rapid Deconstruct  Erth           0%         3d4*      100%        5
 Bombard                  Conj/Erth      0%         9d1       100%        6


Dungeon Overview and Level Annotations

Branches:
Dungeon (2/15)

Altars:

Shops:
D:1 *


Innate Abilities, Weirdness & Mutations

You are a hulking beast.
Your limbs bulge with bestial killing power. (Slay +1)
You cannot wear most types of armour.
You are amphibious.
You can wear up to eight rings at the same time.
Your skin changes colour to match your surroundings (Stealth+).
Your rubbery body absorbs attacks. (AC +1, EV +1)
((You are camouflaged when in or above water. (Stealth+)))
You have tentacles for arms and can constrict up to eight enemies at once.


Message History

An endoplasm comes into view.
Found a robe.
The rat squeaks loudly.
You hear a shout!
An adder comes into view.
The endoplasm quivers.
You tentacle-slap the rat. You grab the rat.
The rat is severely wounded.
You constrict the rat.
You kill the rat!
A hobgoblin comes into view.
The adder barely misses you.
You see here a rat corpse.
You miss the adder. Your grab misses the adder.
The adder bites you but does no damage. The adder bites you.
You tentacle-slap the adder. Your grab misses the adder.
Your squeeze misses the adder.
The adder is heavily wounded.
The endoplasm hits you. The adder bites you.
You tentacle-slap the endoplasm.
The endoplasm is moderately wounded.
The endoplasm closely misses you. The adder misses you.
You tentacle-slap the endoplasm but do no damage.
You squeeze the endoplasm.
You kill the endoplasm!
The adder misses you.
You tentacle-slap the adder. Your grab misses the adder.
Your squeeze misses the adder.
The adder is almost dead.
The adder bites you. The hobgoblin hits you.
* * * LOW HITPOINT WARNING * * *
The adder completely misses you.
You closely miss the adder. Your grab misses the adder.
The adder is almost dead.
The hobgoblin hits you.
* * * LOW HITPOINT WARNING * * *
The adder bites you but does no damage.
You barely miss the adder. Your grab misses the adder.
The adder is almost dead.
The adder barely misses you. The hobgoblin hits you.
You die...

########...#.#..
..........##.#
#########..#.#
##...# #...# .
#..#####..
##..#......
#........#
#..h..####
#.#Sg## ^.....#
.....[...
...........
.........#..
.#.#..#......
..........#..


You could see an adder and a hobgoblin.

Vanquished Creatures
  A dart slug (D:1)
  2 ball pythons (D:1)
  2 bats (D:1)
  3 endoplasms
  A hobgoblin (D:1)
  A quokka (D:1)
  A frilled lizard (D:1)
  A kobold (D:1)
  2 rats
14 creatures vanquished.

Notes
Turn   | Place    | Note
-------+----------+-------------------------------------------
     0 | D:1      | timneilson the Octopode Shapeshifter began the quest for
                  | the Orb.
     0 | D:1      | Reached XP level 1. HP: 13/13 MP: 1/1
   410 | D:1      | Found Waiho's General Store.
   429 | D:1      | Reached XP level 2. HP: 9/18 MP: 2/2
   684 | D:2      | Slain by a hobgoblin

Illustrated notes

Levels and vault maps discovered:
D:1:      lightli_arrival_quake, layout_basic, serial_shops, shop
D:2:      layout_rooms, serial_shops, nicolae_shop_peninsula, shop,
          minmay_between, uniq_terence

Action                     || total
---------------------------++-------
  Melee: Unarmed           ||    26
         Constrict         ||     5
         Tentacles         ||     4
    Use: Scroll            ||     2
   Stab: Sleeping          ||     4
 Armour: Skin              ||    14
  Dodge: Dodged            ||    17

Table legend: (Time is in decaauts)
 A = Elapsed time spent in this place.
 B = Non-inter-level travel time spent in this place.
 C = Inter-level travel time spent in this place.
 D = Time resting spent in this place.
 E = Time spent auto-exploring this place.
 F = Levels seen in this place.
 G = Mean time per level.
                   A        B        C        D        E       F      G
               +--------+--------+--------+--------+--------+-----+--------+
         Total |    681 |    666 |     15 |     33 |    505 |   2 |  340.5 |
       Dungeon |    681 |    666 |     15 |     33 |    505 |   2 |  340.5 |
               +--------+--------+--------+--------+--------+-----+--------+

Top non-repeatable levels by time:
     D:1: 657 daAuts
     D:2: 24 daAuts
